Map: Simulacrum LE

Players

mrpugstin

  • Race: Protoss Protoss
  • Spawn Location: 11:00

JohnnyV - Winner!

  • Race: Terran Terran
  • League: Silver
  • Spawn Location: 5:00

VOD

Have the link to the VOD?

Description

Time

  • Played on: May 9, 2020, 3:49 p.m.
  • Length: 8:03
Show
View Real Time Build Order
Export as new Build Order

mrpugstin Protoss 

Build Orders:  

Get SALT Encoding   

  12  0:03  Probe  
  13  0:15  Probe  
  13  0:21  Pylon  
  14  0:27  Probe  
  15  0:40  Gateway  
  15  1:05  Probe  
  16  1:17  Probe  
  17  1:25  Assimilator  
  17  1:30  Pylon  
  17  1:34  Cybernetics Core  
  17  1:59  Nexus  
  17  2:29  Adept (Chrono Boost)  
  19  2:41  Warp Gate (Chrono Boost), Assimilator  
  19  2:45  Probe  
  20  2:57  Probe  
  21  3:25  Probe  
  21  3:26  Probe  
  23  3:32  Adept  
  25  3:38  Probe  
  26  4:02  Pylon  
  26  4:36  Twilight Council  
  26  4:44  Gateway  
  26  4:45  Gateway  
  26  4:55  Gateway  
  26  5:03  Adept  
  28  5:13  Resonating Glaives (Chrono Boost)  
  28  5:28  Probe x2  
  30  5:40  Probe x2  
  32  5:47  Sentry x2  
  26  6:06  Zealot  
  26  6:17  Zealot x2  
  25  6:30  Adept  
  25  6:37  Adept  
  23  7:02  Zealot x2  
  23  7:03  Zealot  
  21  7:28  Adept x3  
Show
View Real Time Build Order
Export as new Build Order

JohnnyV Terran - Winner!

Build Orders:  

Get SALT Encoding   

  12  0:01  SCV  
  13  0:17  SCV, Supply Depot  
  14  0:27  Refinery  
  14  0:30  SCV  
  15  0:42  Barracks  
  15  0:46  SCV  
  16  0:58  SCV  
  17  1:10  SCV  
  18  1:22  SCV  
  19  1:34  SCV  
  19  1:35  Reaper  
  19  1:37  Supply Depot  
  21  1:48  Refinery  
  21  1:51  Factory  
  21  1:56  SCV  
  22  2:08  SCV  
  23  2:18  Barracks Tech Lab  
  23  2:20  Barracks  
  23  2:26  Orbital Command  
  23  2:44  Barracks Reactor  
  23  2:51  Bunker  
  23  2:54  Siege Tank  
  26  3:11  SCV  
  27  3:23  Marine x2  
  28  3:32  Siege Tank  
  31  3:34  Barracks Tech Lab  
  31  3:55  Engineering Bay  
  31  3:59  Supply Depot  
  31  4:03  Marine  
  31  4:17  Command Center  
  31  4:20  Marine, Cyclone  
  31  4:21  Marauder  
  37  4:30  Combat Shield  
  37  4:37  Starport  
  37  4:40  Supply Depot  
  37  4:43  Supply Depot  
  39  4:45  Marauder  
  39  5:02  Marine x2  
  41  5:07  Siege Tank  
  41  5:11  Terran Infantry Weapons Level 1  
  44  5:21  SCV  
  44  5:26  Marine  
  44  5:27  Marine  
  47  5:31  Medivac  
  47  5:33  SCV  
  50  5:48  Marine  
  50  5:49  Marine  
  49  5:53  Marauder  
  51  6:08  Marine x2  
  51  6:09  Siege Tank  
  52  6:35  Marine  
  53  6:41  Marine  
  53  6:42  Marine  
  53  6:43  Siege Tank  
  55  6:53  Marine  
  56  7:01  Marine x2  
  56  7:04  SCV  
  56  7:06  Orbital Command  
  57  7:10  Marine  
  58  7:15  Siege Tank  
  58  7:18  Marine  
  58  7:19  Marine  
  59  7:28  Marine  
  60  7:37  Marine x2  
Tags
 
League
Silver
Matchup
PvT
Spawn Locations
Cross Positions
Add a new tag
Caveats
  • Supply blocks, unpowered buildings, or Contaminate may cause inaccurate times.
  • Supply counts are checked every 10 seconds.